 Dungeon Crawl Stone Soup version 0.30-a0-170-g85af917532 (webtiles) character file.

Game seed: 7675322998806103084

1234 IdlyInterested the Trooper (level 8, -3/53 (55) HPs)
             Began as a Demonspawn Gladiator on Sept 30, 2022.
             Was a Follower of Hepliaklqana.
             Slain by Duvessa
             ... wielding a +1 short sword of draining
              (6 damage)
             ... on level 6 of the Dungeon.
             The game lasted 00:21:10 (6860 turns).

IdlyInterested the Trooper (Demonspawn Gladiator)   Turns: 6860, Time: 00:21:10

HP:   -3/53 (55)    AC:  7    Str: 14    XL:     8   Next: 24%
MP:   20/20         EV: 13    Int: 10    God:    Hepliaklqana [*.....]
Gold: 322           SH:  4    Dex: 19    Spells: 7/7 levels left

rFire   . . .      SeeInvis .    b - +0 short sword
rCold   + . .      Faith    .    (no shield)
rNeg    . . .      Spirit   .    f - +0 leather armour {rC+}
rPois   .          Reflect  .    x - +2 hat
rElec   .          Harm     .    (no cloak)
rCorr   +          Rampage  .    t - +0 pair of gloves
Will    .....                    r - +0 pair of boots
Stlth   ++++......               (no amulet)
HPRegen 0.17/turn                s - ring of magical power
MPRegen 0.17/turn                u - ring of resist corrosion

@: mighty, studying Invocations, lightly drained, invisible
A: reduced essence, claws 1, thin skeletal structure 1, condensation shield,
demonic magic 3, MP-powered wands
a: Renounce Religion, Recall Ancestor, Ancestor Identity


You were on level 6 of the Dungeon.
You worshipped Hepliaklqana.
Hepliaklqana was aware of your devotion.
You visited 1 branch of the dungeon, and saw 6 of its levels.

You collected 322 gold pieces.

Inventory:

Hand Weapons
 a - a +0 long sword
 b - a +0 short sword (weapon)
 i - a +0 dagger
Missiles
 d - 3 throwing nets
 g - 5 atropa-tipped darts
 k - 2 boomerangs (quivered)
 m - 8 poisoned darts
 A - a javelin
 C - a datura-tipped dart
Armour
 c - a +0 helmet
 f - a +0 leather armour of cold resistance (worn)
 q - a +0 ring mail
 r - a +0 pair of boots (worn)
 t - a +0 pair of gloves (worn)
 x - a +2 hat (worn)
Magical Staves
 l - a staff of death
Jewellery
 s - a ring of magical power (left hand)
 u - a ring of resist corrosion (right hand)
Wands
 e - a wand of flame (14)
Scrolls
 j - 3 scrolls of amnesia
 o - 2 scrolls of poison {unknown}
 w - a scroll of blinking
 y - 2 scrolls of teleportation
 B - a scroll of identify
Potions
 n - a potion of flight
 v - a potion of cancellation
 z - a potion of lignification


   Skills:
 + Level 5.1 Fighting
 + Level 4.3(5.1) Short Blades
 - Level 3.9(4.9) Long Blades
 - Level 2.0 Throwing
 - Level 2.0 Armour
 - Level 3.0 Dodging
 - Level 4.0 Stealth
 - Level 4.0 Invocations
 * Level 2.3 Evocations


You had 7 spell levels left.
You didn't know any spells.
Your spell library contained the following spells:

 Spells                   Type           Power      Damage    Failure   Level
 Sublimation of Blood     Necr           0%         N/A       56%         2
 Wereblood                Tmut           0%         N/A       56%         2
 Summon Hydra             Summ           0%         N/A       100%        7


Dungeon Overview and Level Annotations

Branches:
Dungeon (6/15)
 Temple: D:4-7

Altars:
Hepliaklqana
Yredelemnul

Annotations:
D:6 Duvessa


Innate Abilities, Weirdness & Mutations

Your life essence is reduced to manifest your ancestor. (-10% HP)
You have sharp fingernails.
You have a somewhat thin skeletal structure. (Dex +2, Stealth+)
A meltable shield of frost defends you. (SH +4)
Spells you cast and wands you use may paralyse nearby enemies.
You expend magic power (3 MP) to strengthen your wands.


Message History

The ufetubus is heavily wounded.
The ufetubus barely misses Illuratum. x2
Duvessa hits Illuratum but does no damage.
The hound closely misses you.
You hit the ufetubus.
You kill the ufetubus!
The ufetubus disappears in a puff of smoke!
Illuratum hits Duvessa but does no damage.
Duvessa completely misses Illuratum.
The hound bites you. The hound attacks as you move away!
The hound barely misses you.
Duvessa hits Illuratum with a +1 short sword of draining!
Illuratum is destroyed!
You hit Eustachio but do no damage.
Eustachio is lightly wounded.
Duvessa hits Eustachio with a +1 short sword of draining!
Duvessa drains Eustachio.
You block the hound's attack.
Duvessa hits Eustachio with a +1 short sword of draining!
The hound bites you but does no damage.
You strike the helpless Eustachio from behind!
You puncture Eustachio!
Eustachio is almost dead.
Eustachio closely misses Duvessa.
The hound bites you.
Duvessa hits Eustachio with a +1 short sword of draining!
Eustachio dies!
Your Fighting skill increases to level 5!
Your Evocations skill increases to level 2!
The hound bites you but does no damage.
You feel very mighty all of a sudden.
Duvessa hits the hound with a +1 short sword of draining.
Duvessa drains the hound.
The hound bites Duvessa but does no damage.
The hound bites Duvessa.
Duvessa hits the hound with a +1 short sword of draining!
The hound dies!
Duvessa hits you with a +1 short sword of draining!
* * * LOW HITPOINT WARNING * * *
You feel drained.
* * * LOW HITPOINT WARNING * * *
Duvessa hits you with a +1 short sword of draining.
You die...

# ##.............$......
####....##..............
......#..#......(......
.<....##.#......)....##
########..#...........####
# #................. #
#...<...)......# #
.h.........†e.#.!...# #
.####......@..#....## #
#............###
...............#
#..............#
....##..>........ .....
S$........#. ...
...!######## . ....## ...#


You could see an adder (wandering, unable to see you) and the neutral Duvessa
(fast, strong, insane, unable to see you).

Vanquished Creatures
  A water moccasin (D:5)
  A black bear (D:5)
  An ice beast (D:5)
  Blork the orc (D:4)
  2 necrophages
  A scorpion (D:5)
  A jelly (D:6)
  A hound (D:4)
  An iguana (D:5)
  3 orc wizards (D:5)
  3 adders
  4 worms
  5 dart slugs
  8 orcs
  12 ball pythons
  9 endoplasms
  3 giant cockroaches
  8 goblins
  7 hobgoblins
  18 jackals
  2 quokkas
  9 bats
  4 frilled lizards
  7 kobolds
  A rat (D:2)
113 creatures vanquished.

Vanquished Creatures (collateral kills)
  Eustachio (D:6)
  Menkaure (D:6)
  Dowan (D:6)
  A hound (D:6)
  An iguana (D:6)
  An ancestor (D:6)
  An orc (D:6)
7 creatures vanquished.

Vanquished Creatures (others)
  2 plants (D:4)
2 creatures vanquished.

Grand Total: 122 creatures vanquished

Notes
Turn   | Place    | Note
-------+----------+-------------------------------------------
     0 | D:1      | IdlyInterested the Demonspawn Gladiator began the quest for
                  | the Orb.
     0 | D:1      | Reached XP level 1. HP: 16/16 MP: 1/1
   143 | D:1      | Gained mutation: A meltable shield of frost defends you.
                  | (SH +4) [demonic ancestry]
   143 | D:1      | Reached XP level 2. HP: 3/23 MP: 2/2
   705 | D:1      | Reached skill level 3 in Fighting
   791 | D:1      | Gained mutation: You have sharp fingernails. [demonic
                  | ancestry]
   791 | D:1      | Reached XP level 3. HP: 25/29 MP: 3/3
  1185 | D:2      | Found a basalt altar of Yredelemnul.
  1353 | D:2      | Identified a scroll of acquirement
  1353 | D:2      | Acquired a manual of Invocations
  1376 | D:2      | Gained mutation: You occasionally lose the ability to drink
                  | potions when taking damage. [potion of mutation]
  1903 | D:2      | You fall into a shaft and drop 1 floor!
  2009 | D:3      | Found a faded altar of an unknown god.
  2062 | D:3      | Gained mutation: Spells you cast may paralyse adjacent
                  | enemies. [demonic ancestry]
  2062 | D:3      | Reached XP level 4. HP: 37/37 MP: 4/4
  2702 | D:2      | Lost mutation: You occasionally lose the ability to drink
                  | potions when taking damage. [potion of mutation]
  2702 | D:2      | Gained mutation: Your system is resistant to poisons.
                  | (rPois) [potion of mutation]
  2702 | D:2      | Gained mutation: You have hidden genetic defects. [potion
                  | of mutation]
  2703 | D:2      | Lost mutation: You have hidden genetic defects. [potion of
                  | mutation]
  2703 | D:2      | Lost mutation: Your system is resistant to poisons. (rPois)
                  | [potion of mutation]
  2703 | D:2      | Gained mutation: You expend magic power (3 MP) to
                  | strengthen your wands. [potion of mutation]
  2799 | D:3      | Reached skill level 4 in Fighting
  3606 | D:4      | Found a hazy altar of Hepliaklqana.
  3875 | D:4      | Gained mutation: Spells you cast may paralyse nearby
                  | enemies. [demonic ancestry]
  3875 | D:4      | Reached XP level 5. HP: 42/42 MP: 5/5
  4145 | D:4      | Noticed Blork the orc
  4159 | D:4      | Killed Blork the orc
  4160 | D:4      | Reached skill level 1 in Short Blades
  4486 | D:5      | Entered Level 5 of the Dungeon
  4610 | D:5      | Gained mutation: You have a somewhat thin skeletal
                  | structure. (Dex +2, Stealth+) [demonic ancestry]
  4610 | D:5      | Reached XP level 6. HP: 17/48 MP: 6/6
  4843 | D:4      | Became a worshipper of Hepliaklqana the Forgotten
  5245 | D:5      | Gained mutation: Spells you cast and wands you use may
                  | paralyse nearby enemies. [demonic ancestry]
  5245 | D:5      | Reached XP level 7. HP: 29/54 MP: 7/7
  6072 | D:5      | Reached * piety under Hepliaklqana
  6361 | D:6      | Noticed Duvessa
  6361 | D:6      | Noticed Dowan
  6524 | D:6      | Noticed Menkaure
  6545 | D:6      | Killed Menkaure
  6546 | D:6      | Reached skill level 1 in Armour
  6837 | D:6      | Noticed Eustachio
  6844 | D:6      | Killed Dowan
  6845 | D:6      | Reached XP level 8. HP: 26/54 MP: 11/11
  6848 | D:6      | Reached skill level 1 in Evocations
  6856 | D:6      | Killed Eustachio
  6857 | D:6      | Reached skill level 5 in Fighting
  6860 | D:6      | Slain by Duvessa

Illustrated notes

Levels and vault maps discovered:
D:1:      mainiacjoe_arrival_reflecting_pool, layout_rooms, serial_curves,
          eino_curves_04, eino_curves_04
D:2:      minmay_alternating_diamond, layout_loops_ring, basic_altar
D:3:      layout_loops_ring, shapermc_ecumenical_altar_mp_highgroup
D:4:      layout_basic, mainiacjoe_overflow_cross_hatched, serial_forest,
          infiniplex_forest_clump_double, infiniplex_forest_clump_C,
          infiniplex_forest_straight_5, infiniplex_forest_lined_ring,
          infiniplex_forest_side_room, infiniplex_forest_side_room,
          infiniplex_forest_lined_room_2, uniq_blork_the_orc
D:5:      layout_cave_pods
D:6:      layout_rooms, temple_fountains, uniq_menkaure, uniq_eustachio,
          uniq_duvessa, uniq_grinder

Skill      XL: |  1  2  3  4  5  6  7  8 |
---------------+-------------------------+-----
Long Blades    | 3 |  3.9
Fighting       | 3 4 5 |  5.1
Dodging        | 3 |  3.0
Throwing       | 2 |  2.0
Short Blades   | 1 3 4 |  4.3
Stealth        | 2 4 |  4.0
Invocations    | 4 |  4.0
Armour         | 2 |  2.0
Evocations     | 2 |  2.3

Action                   |  1- 3 |  4- 6 |  7- 9 || total
-------------------------+-------+-------+-------++-------
Melee: Long sword        |   151 |   178 |       ||   329
       Punch             |     2 |     2 |     1 ||     5
       Short sword       |       |    85 |    88 ||   173
Throw: Boomerang         |     2 |     4 |     6 ||    12
       Throwing net      |       |     1 |       ||     1
       Dart              |       |       |     1 ||     1
       Javelin           |       |       |     1 ||     1
  Use: Scroll            |     7 |     7 |     1 ||    15
       Potion            |     1 |     7 |     4 ||    12
 Stab: Sleeping          |     2 |     6 |     1 ||     9
       Distracted        |     1 |     2 |     2 ||     5
       Invisible         |       |       |     2 ||     2
Armor: Leather armour    |    52 |   101 |    21 ||   174
Dodge: Dodged            |   114 |   127 |    58 ||   299
Block: Other             |    19 |    44 |     8 ||    71

Table legend: (Time is in decaauts)
 A = Elapsed time spent in this place.
 B = Non-inter-level travel time spent in this place.
 C = Inter-level travel time spent in this place.
 D = Time resting spent in this place.
 E = Time spent auto-exploring this place.
 F = Levels seen in this place.
 G = Mean time per level.
                   A        B        C        D        E       F      G
               +--------+--------+--------+--------+--------+-----+--------+
         Total |   6906 |   6187 |    719 |   1785 |   2885 |   6 | 1151.0 |
       Dungeon |   6906 |   6187 |    719 |   1785 |   2885 |   6 | 1151.0 |
               +--------+--------+--------+--------+--------+-----+--------+

Top non-repeatable levels by time:
     D:5: 1869 daAuts
     D:1: 1338 daAuts
     D:2: 1196 daAuts
     D:3: 1170 daAuts
     D:4: 1016 daAuts
     D:6: 315 daAuts
